 Dungeon Crawl Stone Soup version 0.21.1-1-g345015fe64 (webtiles) character file.

52 Freyura the Skirmisher (level 3, -7/34 HPs)
             Began as a Naga Fighter on May 9, 2018.
             Killed by nerve-wracking pain
             ... invoked by Grinder
              (14 damage)
             ... while paralysed by Grinder
             ... on level 3 of the Dungeon.
             The game lasted 00:04:43 (1840 turns).

Freyura the Skirmisher (Naga Fighter)               Turns: 1840, Time: 00:04:44

Health: -7/34      AC:  6    Str: 23    XL:     3   Next: 85%
Magic:  3/3        EV:  1    Int:  8    God:
Gold:   108        SH:  0    Dex: 11    Spells: 2/2 levels left

rFire    . . .     SeeInvis +   a - +0 long sword
rCold    . . .     Gourm    .   c - +0 shield
rNeg     . . .     Faith    .   b - +0 scale mail
rPois    +         Spirit   .   m - +0 helmet
rElec    .         Reflect  .   (no cloak)
rCorr    .         Harm     .   n - +0 pair of gloves
MR       .....                  (no barding)
Stlth    ..........             (no amulet)
HPRegen  0.11/turn              (no ring)
MPRegen  0.08/turn              (no ring)

@: paralysed, mighty, very slightly contaminated, invisible, very slow
A: large, see invisible, deformed body, poison resistance, slowness 2, slow
metabolism 1, spit poison 1, AC +1
a: Spit Poison


You were on level 3 of the Dungeon.
You were very full.

You visited 1 branch of the dungeon, and saw 3 of its levels.

You collected 108 gold pieces.

Inventory:

Hand Weapons
 a - a +0 long sword (weapon)
Armour
 b - a +0 scale mail (worn)
 c - a +0 shield (worn)
 m - a +0 helmet (worn)
 n - a +0 pair of gloves (worn)
Jewellery
 i - an uncursed ring of wizardry {unknown}
Scrolls
 e - a scroll of random uselessness {unknown}
 h - a scroll of blinking {unknown}
 k - 2 scrolls of teleportation {unknown}
 l - 2 scrolls of amnesia {unknown}
Potions
 g - a potion of invisibility
 j - a potion of berserk rage {unknown}
 o - a potion of resistance {unknown}
Comestibles
 f - 5 rations


   Skills:
 + Level 3.3 Fighting
 * Level 2.9 Long Blades
 + Level 2.7 Armour
 + Level 0.7 Dodging
 + Level 2.6 Shields


You had 2 spell levels left.
You didn't know any spells.

Dungeon Overview and Level Annotations

Branches:
Dungeon (3/15)

Altars:
Qazlal

Annotations:
D:3 Grinder


Innate Abilities, Weirdness & Mutations

You cannot wear boots.
Your serpentine skin is tough. (AC +1)
You have supernaturally acute eyesight. (SInv)
Armour fits poorly on your strangely shaped body.
Your system is resistant to poisons. (rPois)
You cover ground very slowly.
You have a slow metabolism.
You can spit poison.


Message History

Grinder barely misses you.
You riposte.
You slash Grinder!
Grinder is severely wounded.
You are very lightly contaminated with residual magic.
You closely miss Grinder.
Grinder is severely wounded.
Grinder hits you.
* * * LOW HITPOINT WARNING * * *
You barely miss Grinder.
Grinder is severely wounded.
Grinder barely misses you.
You slash Grinder!
Grinder is almost dead.
Grinder blinks!
Grinder gestures at you. You resist with significant effort.
Grinder gestures at you.
You suddenly lose the ability to move!
Grinder gestures at you. Pain shoots through your body!
You die...

.############.##
#.########. ..........#
#.# #.# #. #########.#
#.# ### #.# ## #.# #.#
#.. ..# #.# #.# #.# ###
#.# #.# #.# #.# .# #.#
#.# #.###.####### #.#
#..5@....[... #.#
#####.####### #.# #.#
.... #.# #####.##.....
###.##.###............
.................#.....
#.......##..##...# ..^#
####.#####..###### ###
#( #..#


You could see Grinder.

Vanquished Creatures
  An adder (D:2)
  2 worms (D:2)
  A dart slug (D:2)
  2 leopard geckos
  A ball python (D:1)
  4 giant cockroaches
  4 goblins
  3 hobgoblins
  A jackal (D:2)
  3 kobolds
  A quokka (D:3)
  3 bats
  2 frilled lizards
  4 rats
32 creatures vanquished.

Notes
Turn   | Place    | Note
-------+----------+-------------------------------------------
     0 | D:1      | Freyura the Naga Fighter began the quest for the Orb.
     0 | D:1      | Reached XP level 1. HP: 21/21 MP: 1/1
   481 | D:1      | Reached XP level 2. HP: 28/28 MP: 2/2
   896 | D:2      | Reached XP level 3. HP: 34/34 MP: 3/3
  1141 | D:2      | Found a stormy altar of Qazlal.
  1323 | D:2      | Found a faded altar of an unknown god.
  1820 | D:3      | Noticed Grinder
  1822 | D:3      | Paralysed by Grinder for 5 turns
  1839 | D:3      | Paralysed by Grinder for 5 turns
  1840 | D:3      | Killed from afar by Grinder

Action                   || total
-------------------------++-------
Melee: Long sword        ||   133
  Use: Potion            ||     2
  Eat: Ration            ||     2
       Chunk             ||     2
Armor: Scale mail        ||    60
Dodge: Dodged            ||    37
Block: Shield            ||    66
       Rpst.: Long sword ||    12
